 Dungeon Crawl Stone Soup version 0.25.1-2-g60ff931 (webtiles) character file.

Game seed: 6391184222342707152

36805 Gadfly the Hand of Fortune (level 13, -5/99 HPs)
             Began as a Demonspawn Monk on Aug 4, 2020.
             Was the Champion of Nemelex Xobeh.
             Succumbed to barbed spike wounds
             ... on level 5 of the Lair of Beasts.
             The game lasted 00:29:00 (20698 turns).

Gadfly the Hand of Fortune (Demonspawn Monk)       Turns: 20698, Time: 00:29:01

Health: -5/99      AC: 24    Str: 19    XL:     13   Next: 55%
Magic:  22/22      EV: 11    Int: 11    God:    Nemelex Xobeh [******]
Gold:   1063       SH:  5    Dex: 16    Spells: 9/12 levels left

rFire    + + .     SeeInvis +   w - +14 obsidian axe {vorpal, +Fly SInv *Curse} (curse)
rCold    . . .     Gourm    .   (no shield)
rNeg     . . .     Faith    .   M - +1 plate armour {rF+}
rPois    .         Spirit   .   (helmet restricted)
rElec    .         Reflect  +   J - +2 cloak {rF+}
rCorr    .         Harm     .   f - +0 pair of gloves
MR       +....     Rnd*Rage +   p - +2 pair of boots
Stlth    ..........             i - amulet of reflection
HPRegen  0.26/turn              h - ring of protection from magic
MPRegen  0.18/turn              E - ring of attention (curse)

@: barbed spikes, slowed, very slow
A: horns 2, repulsion field 2, berserk 1, nightstalker 1, spiny 1, strong 1,
wild magic 1
a: Draw Escape, Draw Destruction, Draw Summoning, Triple Draw, Deal Four, Stack
Five, Renounce Religion, Evoke Flight


You were on level 5 of the Lair of Beasts.
You worshipped Nemelex Xobeh.
Nemelex Xobeh was exalted by your worship.
You were hungry.

You visited 3 branches of the dungeon, and saw 18 of its levels.
You also visited: Volcano.

You collected 1063 gold pieces.

Inventory:

Hand Weapons
 a - a +1 hand axe of electrocution
 b - a +1 hand axe of venom
 r - a +0 hand axe of flaming
 w - the cursed +14 obsidian axe (weapon) {vorpal, +Fly SInv *Curse}
   (You acquired it on level 9 of the Dungeon)

   It inflicts extra damage upon your enemies.
   It lets you see invisible.
   It lets you fly.
   It curses itself when equipped.
   It has a curse placed upon it.
 C - a +0 flail of protection
 K - a +0 battleaxe
Missiles
 g - 3 throwing nets (quivered)
Armour
 f - a +0 pair of gloves (worn)
 p - a +2 pair of boots (worn)
 B - a scarf of resistance
 G - +0 ice dragon scales
 J - a +2 cloak of fire resistance (worn)
 M - a +1 plate armour of fire resistance (worn)
Jewellery
 h - a ring of protection from magic (left hand)
 i - an amulet of reflection (around neck)
 A - an uncursed ring of flight
 E - a cursed ring of attention (right hand)
Wands
 q - a wand of iceblast (30)
 v - a wand of polymorph (6)
 F - a wand of paralysis (11)
Scrolls
 e - 2 scrolls of fog
 m - 3 scrolls of remove curse
 o - a scroll of identify
 s - 4 scrolls of teleportation
 y - 2 scrolls of enchant weapon
 z - 4 scrolls of enchant armour
 H - 4 scrolls of magic mapping
 I - a scroll of blinking
Potions
 d - 6 potions of curing
 j - 2 potions of resistance
 k - 3 potions of berserk rage
 l - 2 potions of haste
 n - a potion of cancellation
 u - 2 potions of flight
 x - 2 potions of ambrosia
 D - 2 potions of heal wounds
Comestibles
 c - 32 rations


   Skills:
 + Level 8.4 Fighting
 * Level 11.3 Axes
 * Level 10.6 Armour
 - Level 2.6 Dodging
 - Level 1.7 Stealth
 * Level 13.0 Invocations
 * Level 10.9 Evocations


You had 9 spell levels left.
You knew the following spells:

 Your Spells              Type           Power        Failure   Level  Hunger
a - Corona                Hex            #......      100%        1    ##.....
b - Blink                 Tloc           N/A          100%        2    ###....

Your spell library contained the following spells:

 Spells                   Type           Power        Failure   Level  Hunger
 Magic Dart               Conj           #...         100%        1    ##.....
 Summon Small Mammal      Summ           #...         100%        1    ##.....
 Call Imp                 Summ           #.......     100%        2    ###....
 Searing Ray              Conj           #.....       100%        2    ###....
 Slow                     Hex            #.......     100%        2    ###....
 Call Canine Familiar     Summ           #.......     100%        3    ####...
 Conjure Flame            Conj/Fire      #.......     100%        3    ####...
 Dazzling Flash           Conj/Hex       #.....       100%        3    ####...
 Inner Flame              Hex/Fire       #.......     100%        3    ####...
 Mephitic Cloud           Conj/Pois/Air  #.......     100%        3    ####...
 Portal Projectile        Hex/Tloc       #.....       100%        3    ####...
 Summon Guardian Golem    Hex/Summ       #.......     100%        3    ####...
 Cause Fear               Hex            #.........   100%        4    #####..
 Fulminant Prism          Conj/Hex       #.........   100%        4    #####..
 Iskenderun's Mystic Bla  Conj/Tloc      #.......     100%        4    #####..
 Leda's Liquefaction      Hex/Erth       #.........   100%        4    #####..
 Summon Ice Beast         Ice/Summ       #.......     100%        4    #####..
 Summon Lightning Spire   Summ/Air       #.......     100%        4    #####..


Dungeon Overview and Level Annotations

Branches:
Dungeon (12/15)            Temple (1/1) D:5            Lair (5/6) D:10
 Shoals (0/4) Lair:2       Spider (0/4) Lair:2          Orc (0/2) D:12
Volcano (visited)
  Slime: Lair:5-6

Altars:
Ashenzari
Cheibriados
Dithmenos
Elyvilon
Fedhas
Hepliaklqana
Kikubaaqudgha
Nemelex Xobeh
Okawaru
Qazlal
Ru
Trog
Uskayaw
Vehumet
Wu Jian
Xom
Yredelemnul
Zin
The Shining One

Shops:
D:4 }

Annotations:
Lair:5 Snorg


Innate Abilities, Weirdness & Mutations

You have a pair of horns on your head.
You are surrounded by a moderate repulsion field. (EV +3)
You are slightly more attuned to the shadows.
You are partially covered in sharp spines.
You tend to lose your temper in combat.
Your muscles are strong. (Str +2)
Your spells are a little harder to cast, but a little more powerful.


Message History

You block the wraith's attack. The wraith hits you.
* * * LOW HITPOINT WARNING * * *
Unknown command.
You cannot move away from Snorg!
Your plate armour prevents you from hitting the wraith.
The wraith is heavily damaged.
You slash the wraith! You open a gate to Pandemonium!
A demon appears!
It doesn't seem very happy.
You slash Snorg! You slash the wraith!
Your surroundings suddenly seem different.
You break out of your daze!
Found 8 atropa-tipped darts and a metal-bound book.
Found a stone staircase leading down and a stone staircase leading up.
The barbed spikes dig painfully into your body as you move.
* * * LOW HITPOINT WARNING * * *
The barbed spikes dig painfully into your body as you move.
* * * LOW HITPOINT WARNING * * *
The barbed spikes dig painfully into your body as you move.
You die...
Your body glows with a rainbow of weird colours and disappears.

#. #. .. .F #.
. .. .. #%. ..
. . #..
..##.#< ..#.#
#..## ..
##P@.##...
##...>...:.
#..#.#.....P..
..............
....P...#.#.##
....(########
#.... ....
#...


You could see a blink frog (asleep).

Vanquished Creatures
  A fire dragon (Volcano)
  Josephine (Lair:5)
  Harold (D:7)
  5 hydras
  2 two-headed ogres
  Erica (D:11)
  An unseen horror (D:11)
  Pikel (D:7)
  A cyclops (D:10)
  A deep elf mage (D:9)
  A lindwurm (Volcano)
  A manticore (Lair:5)
  Joseph (D:8)
  A black mamba (Lair:4)
  2 molten gargoyles (Volcano)
  A gargoyle (D:10)
  6 spiny frogs
  A torpor snail (Lair:2)
  2 kobold demonologists (D:12)
  A rime drake (Lair:4)
  2 komodo dragons
  A troll (D:9)
  2 jumping spiders (Lair:2)
  A polar bear (Lair:2)
  3 hippogriffs
  A hornet (D:11)
  2 blink frogs (Lair:4)
  Sigmund (D:6)
  A spriggan (Lair:2)
  4 hogs (D:8)
  30 yaks
  2 wyverns
  5 fire bats (Volcano)
  2 hungry ghosts
  Grum (D:8)
  A basilisk (Lair:4)
  A human (D:8)
  3 steam dragons (Volcano)
  A naga (D:11)
  6 porcupines
  8 water moccasins
  6 orc warriors
  2 ice beasts
  2 sky beasts
  An eye of draining (D:11)
  A black bear (Lair:2)
  A phantom (D:4)
  3 ogres
  8 crocodiles
  5 wolves
  3 centaurs
  2 big kobolds
  17 bullfrogs
  4 scorpions
  20 killer bees
  7 wights
  5 howler monkeys
  3 electric eels
  6 lava snakes (Volcano)
  9 crimson imps
  A bullfrog zombie (D:6)
  3 centaur zombies
  A quasit (D:9)
  5 hounds
  11 orc priests
  A bullfrog skeleton (D:11)
  4 jellies
  14 orc wizards
  4 iguanas
  Jessica (D:3)
  2 centaur skeletons
  6 hell rats (Lair:4)
  10 worker ants
  A hound zombie (D:5)
  2 hound skeletons
  A howler monkey zombie (D:5)
  Robin (D:2)
  A howler monkey skeleton (D:4)
  15 adders
  2 shadow imps
  An adder skeleton (D:9)
  3 worms
  A dart slug (D:2)
  4 leopard geckos
  38 orcs
  2 bats
  4 giant cockroaches
  19 goblins
  8 hobgoblins
  16 jackals
  16 kobolds
  2 quokkas (D:2)
  4 frilled lizards
  15 rats
  2 fungi (Lair:3)
436 creatures vanquished.

Vanquished Creatures (collateral kills)
  A hydra (Lair:3)
  An orc knight (D:12)
  A kobold demonologist (D:12)
  2 blink frogs (Lair:4)
  12 yaks
  A wyvern (D:12)
  An ice beast (D:11)
  2 orc warriors (D:12)
  An ogre (D:11)
  A wolf (Lair:2)
  A bullfrog (Lair:3)
  A crocodile (D:11)
  3 killer bees
  3 wights (D:11)
  2 howler monkeys
  A lava snake (Volcano)
  A hound (D:11)
  A hell rat (Lair:4)
  A hound zombie (D:11)
  An adder (D:10)
  A shadow imp (D:11)
  4 orcs
  2 kobolds (D:12)
45 creatures vanquished.

Vanquished Creatures (others)
  2 slaves (D:7)
  A kobold (D:11)
  6 fungi (Lair:1)
  2 plants (D:10)
11 creatures vanquished.

Grand Total: 492 creatures vanquished

Notes
Turn   | Place    | Note
-------+----------+-------------------------------------------
     0 | D:1      | Gadfly the Demonspawn Monk began the quest for the Orb.
     0 | D:1      | Reached XP level 1. HP: 18/18 MP: 1/1
   125 | D:1      | Gained mutation: You have a pair of small horns on your
                  | head. [demonic ancestry]
   125 | D:1      | Reached XP level 2. HP: 11/24 MP: 2/2
   670 | D:2      | Reached skill level 1 in Armour
   709 | D:2      | Gained mutation: You are surrounded by a mild repulsion
                  | field. (EV +2) [demonic ancestry]
   709 | D:2      | Reached XP level 3. HP: 7/29 MP: 3/3
  1064 | D:2      | Found a blossoming altar of Fedhas.
  1104 | D:2      | Noticed Robin
  1135 | D:2      | Killed Robin
  1135 | D:2      | Gained mutation: You have a pair of horns on your head.
                  | [demonic ancestry]
  1135 | D:2      | Reached XP level 4. HP: 33/35 MP: 4/4
  1873 | D:3      | Reached XP level 5. HP: 38/41 MP: 5/5
  2108 | D:3      | Found a bloodstained altar of Trog.
  2204 | D:3      | Noticed Jessica
  2207 | D:3      | Reached skill level 5 in Axes
  2213 | D:3      | Killed Jessica
  2835 | D:3      | Gained mutation: You are surrounded by a moderate repulsion
                  | field. (EV +3) [demonic ancestry]
  2835 | D:3      | Reached XP level 6. HP: 17/47 MP: 6/6
  3412 | D:4      | Reached skill level 1 in Evocations
  3441 | D:4      | Reached XP level 7. HP: 24/52 MP: 8/8
  3767 | D:4      | Found Cehuoreh's Gadget Emporium.
  3965 | D:5      | Entered Level 5 of the Dungeon
  4479 | D:5      | Reached XP level 8. HP: 43/60 MP: 10/10
  4650 | D:5      | Found a staircase to the Ecumenical Temple.
  4779 | Temple   | Entered the Ecumenical Temple
  4794 | Temple   | Became a worshipper of Nemelex Xobeh the Trickster
  4794 | Temple   | Received a gift from Nemelex Xobeh
  4794 | Temple   | Reached * piety under Nemelex Xobeh
  4794 | Temple   | Reached ** piety under Nemelex Xobeh
  4928 | D:6      | Reached skill level 1 in Invocations
  4944 | D:6      | Reached skill level 2 in Invocations
  5105 | D:6      | Reached skill level 5 in Armour
  5207 | D:6      | Reached skill level 3 in Invocations
  5288 | D:6      | Received a gift from Nemelex Xobeh
  5824 | D:6      | Noticed Sigmund
  5830 | D:6      | Killed Sigmund
  5830 | D:6      | Reached skill level 4 in Invocations
  5830 | D:6      | Reached XP level 9. HP: 50/66 MP: 12/12
  6385 | D:7      | Noticed Pikel
  6390 | D:7      | Noticed Harold
  6402 | D:7      | Killed Pikel
  6402 | D:7      | Reached skill level 5 in Invocations
  6402 | D:7      | Reached skill level 5 in Evocations
  6410 | D:7      | Killed Harold
  6410 | D:7      | Reached skill level 5 in Fighting
  6410 | D:7      | Reached skill level 6 in Invocations
  6731 | D:7      | Received a gift from Nemelex Xobeh
  6884 | D:7      | Reached *** piety under Nemelex Xobeh
  7071 | D:8      | Found a hide-covered altar of Uskayaw.
  7223 | D:8      | Reached XP level 10. HP: 65/74 MP: 14/14
  7483 | D:8      | Received a gift from Nemelex Xobeh
  7539 | D:8      | Noticed Grum
  7576 | D:8      | Reached skill level 7 in Invocations
  7581 | D:8      | Killed Grum
  7874 | D:8      | Noticed Joseph
  7888 | D:8      | Killed Joseph
  8065 | D:8      | Found an ancient bone altar of Kikubaaqudgha.
  8066 | D:8      | Found a basalt altar of Yredelemnul.
  8066 | D:8      | Found an iron altar of Okawaru.
  8066 | D:8      | Found a glowing silver altar of Zin.
  8069 | D:8      | Found a shadowy altar of Dithmenos.
  8072 | D:8      | Found a stormy altar of Qazlal.
  8208 | D:8      | Found a sacrificial altar of Ru.
  8884 | D:9      | Noticed a two-headed ogre
  8893 | D:9      | Killed a two-headed ogre
  8893 | D:9      | Reached skill level 8 in Invocations
  9486 | D:9      | Identified a scroll of acquirement
  9486 | D:9      | Acquired the +14 obsidian axe {vorpal, +Fly SInv *Curse}
  9487 | D:9      | Found the +14 obsidian axe {vorpal, +Fly SInv *Curse}
  9778 | D:9      | Gained mutation: You are partially covered in sharp spines.
                  | [demonic ancestry]
  9778 | D:9      | Reached XP level 11. HP: 81/81 MP: 17/17
  9821 | D:9      | Noticed a deep elf mage
  9829 | D:9      | Killed a deep elf mage
 10082 | D:9      | Received a gift from Nemelex Xobeh
 10206 | D:9      | Reached skill level 9 in Invocations
 10424 | D:10     | Entered Level 10 of the Dungeon
 10787 | D:10     | Reached **** piety under Nemelex Xobeh
 10812 | D:10     | Noticed a two-headed ogre
 10818 | D:10     | Killed a two-headed ogre
 11125 | D:10     | Found a staircase to the Lair.
 11504 | D:11     | Received a gift from Nemelex Xobeh
 11846 | D:11     | Noticed a six-headed hydra
 11857 | D:11     | Killed a four-headed hydra
 11857 | D:11     | Reached skill level 10 in Invocations
 12173 | D:11     | Killed an unseen horror
 13014 | D:11     | Noticed Erica
 13023 | D:11     | Killed Erica
 13432 | D:11     | Got an encrusted mace
 13433 | D:11     | Identified the +7 mace "Qeocan" {venom, Stlth+} (You found
                  | it on level 11 of the Dungeon)
 13823 | D:12     | Received a gift from Nemelex Xobeh
 13944 | D:12     | Received a gift from Nemelex Xobeh
 13951 | D:12     | Found a staircase to the Orcish Mines.
 13968 | D:12     | Reached XP level 12. HP: 21/91 MP: 19/19
 13968 | D:12     | Reached skill level 10 in Axes
 14406 | D:12     | Reached ***** piety under Nemelex Xobeh
 14774 | D:12     | Received a gift from Nemelex Xobeh
 15135 | Lair:1   | Entered Level 1 of the Lair of Beasts
 15188 | Lair:1   | Noticed a five-headed hydra
 15194 | Lair:1   | Killed a six-headed hydra
 15194 | Lair:1   | Reached skill level 11 in Invocations
 15204 | Lair:1   | Noticed a five-headed hydra
 15211 | Lair:1   | Killed a five-headed hydra
 15471 | Lair:1   | Received a gift from Nemelex Xobeh
 15957 | Lair:1   | Received a gift from Nemelex Xobeh
 16076 | Lair:2   | Found a hole to the Spider Nest.
 16337 | Lair:2   | Found a dark tunnel.
 16519 | Volcano  | Entered a volcano
 16923 | Volcano  | Reached skill level 10 in Evocations
 17202 | Volcano  | Found a bloodstained altar of Trog.
 17212 | Volcano  | Reached skill level 12 in Invocations
 17343 | Volcano  | Noticed a fire dragon
 17354 | Volcano  | Killed a fire dragon
 17354 | Volcano  | Reached skill level 10 in Armour
 17745 | Lair:2   | Gained mutation: You are slightly more attuned to the
                  | shadows. [demonic ancestry]
 17745 | Lair:2   | Reached XP level 13. HP: 98/98 MP: 22/22
 17758 | Lair:2   | Received a gift from Nemelex Xobeh
 17867 | Lair:2   | Found a staircase to the Shoals.
 18063 | Lair:2   | Received a gift from Nemelex Xobeh
 18411 | Lair:2   | Received a gift from Nemelex Xobeh
 18735 | Lair:3   | Received a gift from Nemelex Xobeh
 19008 | Lair:3   | Reached ****** piety under Nemelex Xobeh
 19012 | Lair:3   | Received a gift from Nemelex Xobeh
 20283 | Lair:4   | Received a gift from Nemelex Xobeh
 20336 | Lair:4   | Learned a level 1 spell: Corona
 20359 | Lair:4   | Learned a level 2 spell: Blink
 20652 | Lair:4   | Gained mutation: You tend to lose your temper in combat.
                  | [potion of mutation]
 20652 | Lair:4   | Gained mutation: You often lose your temper in combat.
                  | [potion of mutation]
 20652 | Lair:4   | Gained mutation: You passively map a small area around you.
                  | [potion of mutation]
 20653 | Lair:4   | Lost mutation: You passively map a small area around you.
                  | [potion of mutation]
 20653 | Lair:4   | Lost mutation: You often lose your temper in combat.
                  | [potion of mutation]
 20653 | Lair:4   | Gained mutation: Your muscles are strong. (Str +2) [potion
                  | of mutation]
 20653 | Lair:4   | Gained mutation: Your spells are a little harder to cast,
                  | but a little more powerful. [potion of mutation]
 20689 | Lair:5   | Noticed Snorg
 20689 | Lair:5   | Noticed Josephine
 20694 | Lair:5   | Killed Josephine
 20694 | Lair:5   | Reached skill level 13 in Invocations
 20697 | Lair:5   | HP: 2/99 [barbs]
 20698 | Lair:5   | Succumbed to barbed spike wounds

Illustrated notes

Levels and vault maps discovered:
D:1:      saegor_arrival_simple_a, layout_rooms
D:2:      layout_basic, fedhas_altar_1, uniq_robin
D:3:      layout_loops_ring, lemuel_doored_altar, first_ration, uniq_jessica
D:4:      layout_cave_pools, serial_shops, kennysheep_mini
D:5:      layout_basic, minmay_temple_entry_enclosed_plants
D:6:      layout_cave_pools, uniq_sigmund
D:7:      layout_loops_ring, chequers_garden, uniq_pikel, uniq_harold
D:8:      layout_basic, minitemple, grunt_livestock, nicolae_ru_path_of_blood,
          uniq_joseph, uniq_grum
D:9:      layout_loops_corners, guppyfry_early_elven_hall
D:10:     layout_irregular_city, david_lair_shrubbed,
          kennysheep_decorative_pillar
D:11:     layout_layer_cave, library_closet, disabler_island, uniq_erica
D:12:     layout_irregular_city, david_orc_3
Temple:   eino_narrow_crystal_temple
Lair:1:   layout_regular_city, infiniplex_staircase_pool
Lair:2:   layout_long_grid, elwin_shoals_entry_rocks, spider_nest_entry_a,
          enter_volcano_4, forest_entry_grove
Lair:3:   layout_chaotic_city, beast_lair_carwin_5, grunt_megastairs_4
Lair:4:   layout_cave_pods, chequers_serial_rivers_small_b,
          chequers_serial_rivers_small_b
Lair:5:   nzn_motion_control, layout_loops_ring, uniq_snorg, uniq_urug,
          uniq_josephine

Skill      XL: |  1  2  3  4  5  6  7  8  9 10 11 12 13 |
---------------+----------------------------------------+-----
Axes           | 3 4 5 6 7 8 9 10 11 | 11.3
Armour         | 1 2 3 4 5 6 7 8 10 | 10.6
Evocations     | 1 3 4 6 7 8 10 | 10.9
Fighting       | 4 5 6 7 8 |  8.4
Invocations    | 4 6 8 10 12 13 | 13.0
Dodging        | |  2.6
Stealth        | |  1.7

Action                   |  1- 3 |  4- 6 |  7- 9 | 10-12 | 13-15 || total
-------------------------+-------+-------+-------+-------+-------++-------
Melee: Hand axe          |   103 |   170 |   256 |   215 |       ||   744
       Headbutt          |    10 |    16 |    50 |    88 |    28 ||   192
       Broad axe         |       |       |       |   271 |   102 ||   373
Invok: Draw Destruction  |       |       |       |    15 |     8 ||    23
 Abil: Evoke Flight      |       |       |       |     1 |       ||     1
Evoke: Wand              |       |       |       |    10 |     1 ||    11
  Use: Scroll            |     4 |     5 |    10 |    12 |     3 ||    34
       Potion            |       |       |     1 |     3 |     3 ||     7
 Stab: Invisible         |       |       |       |     3 |       ||     3
  Eat: Chunk             |     1 |     7 |    12 |    24 |     9 ||    53
       Ration            |       |       |       |     3 |       ||     3
Armor: Scale mail        |    38 |    20 |       |       |       ||    58
       Plate armour      |       |    52 |   118 |   259 |    85 ||   514
Dodge: Dodged            |    47 |    79 |    84 |   220 |    52 ||   482
Block: Other             |    20 |    34 |    42 |   115 |    25 ||   236
       Reflection        |       |     3 |     6 |     6 |       ||    15
